 Dungeon Crawl Stone Soup version 0.23-a0-299-g9a66eeb (webtiles) character file.

56 mopl the Vexing (level 3, 0/24 HPs)
             Began as a Demonspawn Enchanter on Oct 6, 2018.
             Slain by a gnoll
             ... wielding a +0 whip
              (9 damage)
             ... on level 2 of the Dungeon.
             The game lasted 00:03:00 (1701 turns).

mopl the Vexing (Demonspawn Enchanter)              Turns: 1701, Time: 00:03:01

Health: 0/24       AC:  2    Str:  8    XL:     3   Next: 71%
Magic:  0/6        EV: 12    Int: 16    God:
Gold:   56         SH:  0    Dex: 14    Spells: 3/6 levels left

rFire    . . .     SeeInvis .   a - +1 dagger
rCold    . . .     Gourm    .   (no shield)
rNeg     . . .     Faith    .   b - +0 robe
rPois    .         Spirit   .   (no helmet)
rElec    .         Reflect  .   (no cloak)
rCorr    .         Harm     .   (no gloves)
MR       .....                  (no boots)
Stlth    ++........             (no amulet)
HPRegen  0.08/turn              (no ring)
MPRegen  0.10/turn              (no ring)

@: very slightly contaminated
A: claws 2
a: no special abilities


You were on level 2 of the Dungeon.
You were not hungry.

You visited 1 branch of the dungeon, and saw 2 of its levels.

You collected 56 gold pieces.

Inventory:

Hand Weapons
 a - a +1 dagger (weapon)
Missiles
 c - 14 poisoned needles
 j - 14 bolts
Armour
 b - a +0 robe (worn)
Scrolls
 e - a scroll of fear {unknown}
 g - a scroll of enchant weapon {unknown}
 l - a scroll of identify {unknown}
Potions
 f - a potion of might {unknown}
 h - a potion of cancellation {unknown}
 i - a potion of curing {unknown}
Comestibles
 d - 6 rations
 k - 2 chunks of flesh


   Skills:
 - Level 0.8 Short Blades
 - Level 1.7 Dodging
 * Level 3.4 Stealth
 + Level 2.4 Spellcasting
 * Level 3.6 Hexes
 + Level 0.7 Ice Magic


You had 3 spell levels left.
You knew the following spells:

 Your Spells              Type           Power        Failure   Level  Hunger
a - Corona                Hex            ##.....      4%          1    #......
b - Ensorcelled Hibernat  Hex/Ice        #.....       12%         2    ###....

Your spell library contained the following spells:

 Spells                   Type           Power        Failure   Level  Hunger
 Confuse                  Hex            ##......     13%         3    ###....
 Tukima's Dance           Hex            ##......     13%         3    ###....
 Dazzling Spray           Conj/Hex       #.....       28%         3    ###....


Dungeon Overview and Level Annotations

Branches:
Dungeon (2/15)

Altars:
Fedhas


Innate Abilities, Weirdness & Mutations

You have very sharp fingernails.


Message History

Casting: Ensorcelled Hibernation (safe; 12% risk of failure)
Confirm with . or Enter, or press ? or * to list all spells.
Aiming: Ensorcelled Hibernation (safe; 12% risk of failure)
Press: ? - help, Shift-Dir - straight line, f/p - gnoll
Aim: a gnoll, wielding a whip (chance to defeat MR: 49%)
The gnoll looks drowsy...
The helpless gnoll fails to defend itself.
You puncture the gnoll!
The gnoll is severely wounded.
The gnoll hits you with a whip!
You closely miss the gnoll.
The gnoll is severely wounded.
The gnoll hits you with a whip!
You hit the gnoll but do no damage.
The gnoll is severely wounded.
The gnoll barely misses you.
You barely miss the gnoll.
The gnoll is severely wounded.
The gnoll hits you with a whip!
You die...

#......#.#.(..# #...g..#.#
#......._.....# #####.#.#.#
#......#.#....# #....<#.#.#
#.............###.......#.#
#.......#...............#.#
#.......##...####.......#.#
#.......+..>.# #..........
#......†##...# #.......###
#......).g@..# #.....###
#.......##...# #.....#
#.#..#.......# #.....#
#.#..################.# #..
.........##### ##
#........#....
...#.#........ # #
#...#.... #........


You could see a gnoll.

Vanquished Creatures
  2 gnolls (D:1)
  An ooze (D:1)
  2 dart slugs (D:1)
  2 giant cockroaches (D:1)
  6 goblins
  5 hobgoblins (D:1)
  3 bats (D:1)
  4 frilled lizards (D:1)
  3 kobolds
  A rat (D:2)
29 creatures vanquished.

Notes
Turn   | Place    | Note
-------+----------+-------------------------------------------
     0 | D:1      | mopl the Demonspawn Enchanter began the quest for the Orb.
     0 | D:1      | Reached XP level 1. HP: 13/13 MP: 3/3
   438 | D:1      | Gained mutation: You have sharp fingernails. [demonic
                  | ancestry]
   438 | D:1      | Reached XP level 2. HP: 19/19 MP: 1/5
   442 | D:1      | Learned a level 2 spell: Ensorcelled Hibernation
   453 | D:1      | Reached skill level 3 in Stealth
  1088 | D:1      | Gained mutation: You have very sharp fingernails. [demonic
                  | ancestry]
  1088 | D:1      | Reached XP level 3. HP: 20/24 MP: 6/6
  1489 | D:2      | Found a blossoming altar of Fedhas.
  1701 | D:2      | Slain by a gnoll

Vault maps used:
D:1:      lightli_arrival_chessboard, minivault_5
D:2:      lemuel_crystal_altar, corner_web_ring

Skill      XL: |  1  2 |
---------------+-------+-----
Stealth        | 3 |  3.4
Short Blades   | |  0.8
Dodging        | |  1.7
Spellcasting   | |  2.4
Hexes          | |  3.6
Ice Magic      | |  0.7

Action                   || total
-------------------------++-------
Melee: Dagger            ||   100
 Cast: Corona            ||    17
       Ensorcelled Hiber ||     6
 Stab: Sleeping          ||     7
  Eat: Chunk             ||     3
Armor: Robe              ||    14
Dodge: Dodged            ||    55

Table legend:
 A = Non-vault XP
 B = Vault XP
 C = Vault XP percentage of total XP
 D = Non-vault monster count
 E = Vault monster count
 F = Vault count percentage of total count
                 A         B        C        D         E       F
            +---------+---------+-------+---------+---------+-------
      Total |      81 |       0 |   0.0 |      29 |       0 |   0.0
            +---------+---------+-------+---------+---------+-------
        D:1 |      75 |       0 |   0.0 |      25 |       0 |   0.0
        D:2 |       6 |       0 |   0.0 |       4 |       0 |   0.0
            +---------+---------+-------+---------+---------+-------
